 Dungeon Crawl Stone Soup version 0.23.0 (webtiles) character file.

Game seed: 9823454624988853152

61446 Keith the Executioner (level 14, -4/153 HPs)
             Began as a Minotaur Fighter on Feb 14, 2019.
             Was the Champion of Okawaru.
             Killed by divine providence
             ... invoked by an orc priest
              (16 damage)
             ... on level 2 of the Orcish Mines on Feb 15, 2019.
             The game lasted 01:54:10 (23731 turns).

Keith the Executioner (Minotaur Fighter)           Turns: 23731, Time: 01:54:11

Health: -4/153     AC: 27    Str: 27    XL:     14   Next: 60%
Magic:  20/20      EV:  2    Int:  5    God:    Okawaru [******]
Gold:   1729       SH:  0    Dex: 15    Spells: 13/13 levels left

rFire    + . .     SeeInvis .   y - +2 executioner's axe of Responsibility {drain, Dex+4}
rCold    + . .     Gourm    .   (shield currently unavailable)
rNeg     + + +     Faith    .   (armour currently unavailable)
rPois    +         Spirit   .   (helmet currently unavailable)
rElec    +         Reflect  .   (cloak currently unavailable)
rCorr    +         Harm     .   (gloves currently unavailable)
MR       ++...     NoTele   +   (boots currently unavailable)
Stlth    +++.......             S - amulet of regeneration
HPRegen  0.75/turn              P - ring of protection from magic
MPRegen  0.17/turn              W - ring "Ytommo" {rCorr rPois Dex+2}

@: tree-form, resistant, heroism, studying Evocations
A: (retaliatory headbutt)
a: Heroism, Finesse, Renounce Religion


You were on level 2 of the Orcish Mines.
You worshipped Okawaru.
Okawaru was exalted by your worship.
You were not hungry.
You were a tree.
You visited 3 branches of the dungeon, and saw 20 of its levels.

You collected 1729 gold pieces.

Inventory:

Hand Weapons
 y - the +2 executioner's axe of Responsibility (weapon) {drain, Dex+4}
   (Okawaru gifted it to you on level 1 of the Lair of Beasts)

   A truly terrible weapon, it drains the life of those it strikes.
   It affects your dexterity (+4).
 K - a +3 war axe of freezing
Armour
 c - a +0 shield
 d - a scarf of cloud immunity (melded)
 w - a +0 pair of boots (melded)
 D - a +1 crystal plate armour (melded)
 J - a +1 hat (melded)
 N - the +4 scale mail "Azut" {rF+ Str+5}
   (Okawaru gifted it to you on level 4 of the Lair of Beasts)

   It affects your strength (+5).
   It protects you from fire.
 O - the +0 cloak "Amyisiv" {rPois Int+4}
   (Okawaru gifted it to you on level 6 of the Lair of Beasts)

   It affects your intelligence (+4).
   It protects you from poison.
Jewellery
 a - a +2 ring of evasion
 I - an uncursed amulet of the gourmand
 P - a ring of protection from magic (left branch)
 S - an amulet of regeneration (around neck)
 U - an uncursed ring of fire
 W - the ring "Ytommo" (right branch) {rCorr rPois Dex+2}
   (You found it on level 6 of the Lair of Beasts)

   [ring of resist corrosion]

   It affects your dexterity (+2).
   It protects you from poison.
Wands
 s - a wand of digging (6)
 u - a wand of flame (71)
 F - a wand of clouds (6)
 G - a wand of polymorph (7)
 T - a wand of paralysis (2)
Scrolls
 b - 11 scrolls of remove curse
 m - 2 scrolls of enchant weapon
 r - a scroll of fog
 v - 6 scrolls of amnesia
 B - 8 scrolls of identify
 L - 4 scrolls of teleportation
 M - 3 scrolls of fear
 Q - 2 scrolls of enchant armour
Potions
 e - 3 potions of brilliance
 g - a potion of berserk rage
 i - 2 potions of invisibility
 j - a potion of ambrosia
 k - a potion of magic
 l - 2 potions of lignification
 o - 2 potions of haste
 q - 4 potions of flight
 z - 2 potions of agility
 C - 2 potions of mutation
 H - 2 potions of might
Books
 h - a manual of Evocations
Miscellaneous
 x - a fan of gales
Comestibles
 f - 40 rations
 n - 9 chunks of flesh


   Skills:
 - Level 3.6(8.6) Fighting
 + Level 24.0(27) Axes
 - Level 9.5(14.5) Armour
 - Level 3.6(8.6) Shields
 - Level 10.0 Invocations


You had 13 spell levels left.
You didn't know any spells.
Your spell library contained the following spells:

 Spells                   Type           Power        Failure   Level  Hunger
 Infusion                 Chrm           #...         47%         1    ##.....
 Magic Dart               Conj           #...         47%         1    ##.....
 Sandblast                Erth           #.....       47%         1    ##.....
 Sting                    Conj/Pois      #...         47%         1    ##.....
 Corpse Rot               Necr           N/A          63%         2    ###....
 Passwall                 Tmut/Erth      #.......     63%         2    ###....
 Poisonous Vapours        Pois/Air       #.....       63%         2    ###....
 Searing Ray              Conj           #.....       63%         2    ###....
 Shroud of Golubria       Chrm/Tloc      #.........   63%         2    ###....
 Song of Slaying          Chrm           #.......     63%         2    ###....
 Sublimation of Blood     Necr           #.........   63%         2    ###....
 Dazzling Spray           Conj/Hex       #.....       85%         3    ####...
 Mephitic Cloud           Conj/Pois/Air  #.......     85%         3    ####...
 Regeneration             Chrm/Necr      #.........   85%         3    ####...
 Spectral Weapon          Hex/Chrm       #.......     85%         3    ####...
 Stone Arrow              Conj/Erth      #.....       85%         3    ####...
 Force Lance              Conj/Tloc      #.......     99%         4    #####..
 Fulminant Prism          Conj/Hex       #.........   99%         4    #####..
 Iskenderun's Mystic Bla  Conj           #.......     99%         4    #####..
 Olgreb's Toxic Radiance  Pois           #.......     99%         4    #####..
 Petrify                  Tmut/Erth      #.......     99%         4    #####..
 Agony                    Necr           #.......     100%        5    ######.
 Alistair's Intoxication  Tmut/Pois      #.......     100%        5    ######.
 Bolt of Draining         Conj/Necr      #.........   100%        5    ######.
 Dispel Undead            Necr           #.......     100%        5    ######.
 Excruciating Wounds      Chrm/Necr      #.........   100%        5    ######.
 Lee's Rapid Deconstruct  Erth           #.........   100%        5    ######.
 Venom Bolt               Conj/Pois      #.........   100%        5    ######.
 Hydra Form               Tmut           #.........   100%        6    #######


Dungeon Overview and Level Annotations

Branches:
Dungeon (12/15)            Temple (0/1) D:7            Lair (6/6) D:10
 Shoals (0/4) Lair:2       Spider (0/4) Lair:2        Slime (0/5) Lair:5
    Orc (2/2) D:10            Elf (0/3) Orc:2

Altars:
Dithmenos
Fedhas
Makhleb
Nemelex Xobeh
Okawaru
Yredelemnul

Shops:
D:5 !*:*   D:7 (   D:8 =

Annotations:
Lair:4 Nessos


Innate Abilities, Weirdness & Mutations

((You reflexively headbutt those who attack you in melee.))
((You have a pair of horns on your head.))


Message History

Deactivating autopickup; reactivate with Ctrl-A.
You slash the orc warlord! You drain the orc warlord.
The orc warlord is almost dead.
You slice the orc!!
You kill the orc!
The orc priest calls down the wrath of Beogh upon you.
Beogh smites you!
* * * LOW HITPOINT WARNING * * *
You slice the orc warlord!!
You kill the orc warlord!
Okawaru is honoured by your kill.
Your base Axes skill increases to level 24!
The orc priest invokes the aid of Beogh against you.
Beogh smites you!
* * * LOW HITPOINT WARNING * * *
You feel better.
Your branches slow down.
The orc priest calls down the wrath of Beogh upon you.
Beogh smites you!
You die...

###.# ##.#.# .o.........
#....# #o...o....# .....#
#...o.....# .....#
#...o.....# .....# .{ooo....#
.....# .ooo....# .....#
##########ooo..#######
...............)♣)...........
...............§))...........
..............)))............
.............................
.............................
.....................$.......
.............................
.............................
#............................


You could see 2 orc knights, 2 orc warriors, 5 orc priests and 3 orcs.

Vanquished Creatures
  Gastronok (D:9)
  An orc warlord (Orc:2)
  Erolcha (D:9)
  3 catoblepae (Lair:6)
  6 hydras
  An anaconda (Lair:6)
  4 two-headed ogres
  14 death yaks (Lair:6)
  4 orc high priests (Orc:2)
  Sonja (Lair:4)
  4 orc knights
  3 ugly things
  4 orc sorcerers (Orc:2)
  2 manticores (Lair:6)
  2 cyclopes
  A centaur zombie (D:12)
  7 black mambas
  2 merfolk sirens (Lair:2)
  4 spiny frogs
  A torpor snail (Lair:6)
  7 komodo dragons
  4 trolls
  2 merfolk (Lair:2)
  2 jumping spiders (Lair:2)
  6 slime creatures (D:12)
  3 polar bears
  A hornet (D:7)
  7 dream sheep (Lair:6)
  12 blink frogs
  Prince Ribbit (Lair:2)
  A hippogriff (D:12)
  A spriggan (D:7)
  A shadow (D:12)
  2 redbacks (Lair:2)
  32 yaks
  6 wyverns
  A basilisk (Lair:3)
  2 wargs
  3 hungry ghosts
  Menkaure (D:5)
  4 water moccasins
  A swamp drake (D:10)
  19 orc warriors
  5 porcupines
  An ice beast (D:9)
  5 phantoms
  6 sky beasts
  A necrophage (D:11)
  8 ogres
  6 centaurs
  6 crocodiles
  2 big kobolds
  12 bullfrogs
  2 wyvern zombies
  A wyvern skeleton (D:10)
  A scorpion (D:8)
  5 killer bees (D:11)
  4 wights
  2 howler monkeys
  5 bullfrog zombies
  5 crimson imps
  A quasit (D:10)
  12 hounds
  6 jellies
  2 centaur skeletons
  16 orc priests
  25 orc wizards
  9 hell rats (Lair:1)
  Natasha (thrice) (D:4)
  7 iguanas
  9 worker ants
  2 hound zombies (D:7)
  3 hound skeletons (D:6)
  10 adders
  6 gnolls
  A howler monkey skeleton (D:7)
  12 river rats (Lair:1)
  7 shadow imps
  2 oozes
  An adder zombie (D:8)
  3 adder skeletons
  A worm (D:3)
  4 dart slugs (D:1)
  4 leopard geckos
  54 orcs
  5 giant cockroaches
  5 goblins
  6 hobgoblins
  16 jackals
  6 quokkas
  A ball python (D:2)
  11 bats
  4 frilled lizards
  A giant cockroach zombie (D:5)
  2 gnoll zombies (D:2)
  2 jackal skeletons
  A jackal zombie (D:6)
  7 kobolds
  A leopard gecko skeleton (D:4)
  A quokka zombie (D:5)
  25 rats
  A butterfly (Lair:3)
  2 plants (Lair:6)
559 creatures vanquished.

Vanquished Creatures (others)
  2 fungi
  6 plants (Lair:6)
8 creatures vanquished.

Grand Total: 567 creatures vanquished

Notes
Turn   | Place    | Note
-------+----------+-------------------------------------------
     0 | D:1      | Keith the Minotaur Fighter began the quest for the Orb.
     0 | D:1      | Reached XP level 1. HP: 19/19 MP: 0/0
    40 | D:1      | Reached skill level 3 in Axes
   123 | D:1      | Reached XP level 2. HP: 24/26 MP: 1/1
   309 | D:1      | Reached skill level 4 in Axes
   574 | D:1      | Reached XP level 3. HP: 31/31 MP: 2/2
  1214 | D:2      | Found a blossoming altar of Fedhas.
  1384 | D:2      | Found a basalt altar of Yredelemnul.
  1579 | D:2      | Found a sparkling altar of Nemelex Xobeh.
  1713 | D:3      | Reached skill level 5 in Axes
  1803 | D:3      | Reached XP level 4. HP: 39/39 MP: 3/3
  2078 | D:3      | Reached skill level 6 in Axes
  2181 | D:3      | Found a burning altar of Makhleb.
  2657 | D:3      | Reached XP level 5. HP: 45/45 MP: 4/4
  2773 | D:4      | Noticed Natasha
  2778 | D:4      | Killed Natasha
  3137 | D:4      | Reached skill level 7 in Axes
  3199 | D:4      | Noticed Natasha
  3209 | D:4      | Killed Natasha
  3243 | D:4      | Noticed an ogre
  3253 | D:4      | Killed an ogre
  3253 | D:4      | Reached skill level 8 in Axes
  3253 | D:4      | Reached XP level 6. HP: 28/51 MP: 5/5
  3314 | D:4      | Noticed Natasha
  3321 | D:4      | Killed Natasha
  3755 | D:4      | Reached skill level 9 in Axes
  4085 | D:5      | Entered Level 5 of the Dungeon
  4103 | D:5      | Reached XP level 7. HP: 50/57 MP: 6/6
  4118 | D:5      | Found Nohaanut's Distillery.
  4313 | D:5      | Reached skill level 10 in Axes
  4331 | D:5      | Noticed Menkaure
  4356 | D:5      | Killed Menkaure
  4622 | D:5      | Found Wecwaepu's Book Emporium.
  4755 | D:5      | Reached skill level 11 in Axes
  4789 | D:5      | Found Vidig's Assorted Antiques.
  4819 | D:5      | Found Eruajeod's General Store.
  5052 | D:5      | Reached XP level 8. HP: 59/64 MP: 7/7
  5557 | D:6      | Reached skill level 12 in Axes
  6088 | D:6      | Reached skill level 13 in Axes
  6118 | D:6      | Found an iron altar of Okawaru.
  6216 | D:6      | Became a worshipper of Warmaster Okawaru
  6735 | D:7      | Noticed a two-headed ogre
  6735 | D:7      | Noticed a hornet
  6747 | D:7      | Killed a two-headed ogre
  6747 | D:7      | Reached * piety under Okawaru
  6747 | D:7      | Reached ** piety under Okawaru
  6747 | D:7      | Reached skill level 14 in Axes
  6747 | D:7      | Reached XP level 9. HP: 24/70 MP: 8/8
  7034 | D:7      | Reached skill level 15 in Axes
  7110 | D:7      | Found Nurr's Antique Weapon Shop.
  7373 | D:7      | Found a staircase to the Ecumenical Temple.
  7836 | D:7      | Reached *** piety under Okawaru
  7854 | D:7      | Reached skill level 16 in Axes
  7862 | D:7      | Noticed a red ugly thing
  7885 | D:7      | Reached skill level 1 in Invocations
  8216 | D:7      | Killed a white ugly thing
  8216 | D:7      | Reached XP level 10. HP: 77/77 MP: 6/11
  8644 | D:8      | Found a shadowy altar of Dithmenos.
  8727 | D:8      | Found Yqikesih's Jewellery Shoppe.
  9016 | D:9      | Noticed Gastronok
  9048 | D:8      | Reached skill level 5 in Invocations
  9163 | D:9      | Reached **** piety under Okawaru
  9547 | D:9      | Killed Gastronok
  9551 | D:9      | Reached ***** piety under Okawaru
  9733 | D:9      | Noticed Erolcha
  9741 | D:9      | Killed Erolcha
  9741 | D:9      | Reached XP level 11. HP: 79/82 MP: 15/17
  9780 | D:9      | Reached skill level 10 in Invocations
 10031 | D:10     | Entered Level 10 of the Dungeon
 10498 | D:10     | Reached skill level 5 in Armour
 10740 | D:10     | Found a staircase to the Lair.
 10838 | D:10     | Found a staircase to the Orcish Mines.
 10941 | Lair:1   | Entered Level 1 of the Lair of Beasts
 11064 | Lair:1   | Received a gift from Okawaru
 11065 | Lair:1   | Got a shimmering executioner's axe {god gift}
 11071 | Lair:1   | Identified the +2 executioner's axe of Responsibility
                  | {drain, Dex+4} (Okawaru gifted it to you on level 1 of the
                  | Lair of Beasts)
 12929 | Lair:2   | Noticed Prince Ribbit
 13016 | Lair:2   | Found a hole to the Spider Nest.
 13271 | Lair:2   | Killed Prince Ribbit
 13595 | Lair:2   | Found a staircase to the Shoals.
 13615 | Lair:2   | Reached skill level 17 in Axes
 13615 | Lair:2   | Reached XP level 12. HP: 46/90 MP: 18/18
 15688 | Lair:4   | Noticed Sonja
 15712 | Lair:4   | Killed Sonja
 15712 | Lair:4   | Reached skill level 18 in Axes
 16101 | Lair:4   | Received a gift from Okawaru
 16102 | Lair:4   | Got a shimmering scale mail {god gift}
 16148 | Lair:4   | Identified the +4 scale mail "Azut" {rF+ Str+5} (Okawaru
                  | gifted it to you on level 4 of the Lair of Beasts)
 16285 | Lair:4   | Noticed Nessos
 16608 | Lair:5   | Found a staircase to the Slime Pits.
 16837 | Lair:5   | Noticed a six-headed hydra
 16851 | Lair:5   | Killed a seven-headed hydra
 17108 | Lair:5   | Noticed an eight-headed hydra
 17123 | Lair:5   | Killed a 12-headed hydra
 18022 | Lair:4   | Reached skill level 19 in Axes
 18762 | D:11     | Noticed a six-headed hydra
 18769 | D:11     | Killed an eight-headed hydra
 19592 | Lair:6   | Entered Level 6 of the Lair of Beasts
 19628 | Lair:6   | Noticed a seven-headed hydra
 19649 | Lair:6   | Killed a 14-headed hydra
 19795 | Lair:6   | Reached skill level 20 in Axes
 19796 | Lair:6   | Reached XP level 13. HP: 56/94 MP: 19/19
 20311 | Lair:6   | Reached skill level 21 in Axes
 20317 | Lair:6   | HP: 2/94 [death yak (6)]
 21345 | Lair:6   | Reached ****** piety under Okawaru
 21366 | Lair:6   | Reached skill level 22 in Axes
 21495 | Lair:6   | Received a gift from Okawaru
 21496 | Lair:6   | Got a jewelled cloak {god gift}
 21507 | Lair:6   | Identified the +0 cloak "Amyisiv" {rPois Int+4} (Okawaru
                  | gifted it to you on level 6 of the Lair of Beasts)
 21659 | Lair:6   | Reached XP level 14. HP: 92/102 MP: 20/20
 21689 | Lair:6   | Got a faintly glowing amber ring
 21691 | Lair:6   | Identified the ring "Ytommo" {rCorr rPois Dex+2} (You found
                  | it on level 6 of the Lair of Beasts)
 22284 | D:12     | Reached skill level 23 in Axes
 22745 | Orc:1    | Entered Level 1 of the Orcish Mines
 22990 | Orc:2    | Entered Level 2 of the Orcish Mines
 23446 | Orc:2    | Identified Aceetuonn's Grimoire of Unstable Protection
 23596 | Orc:2    | Found a staircase to the Elven Halls.
 23692 | Orc:2    | Noticed an orc warlord
 23706 | Orc:2    | Received a gift from Okawaru
 23730 | Orc:2    | Killed an orc warlord
 23730 | Orc:2    | Reached skill level 24 in Axes
 23730 | Orc:2    | HP: 6/153 [orc priest/divine providence (16)]
 23731 | Orc:2    | Killed from afar by an orc priest

Skill      XL: |  1  2  3  4  5  6  7  8  9 10 11 12 13 14 |
---------------+-------------------------------------------+-----
Axes           | 3 4 5 6 8 9 11 14 16 17 20 22 24 | 24.0
Invocations    | 3 9 10 | 10.0
Armour         | 9 |  9.5
Fighting       | |  3.6
Shields        | |  3.6

Action                   |  1- 3 |  4- 6 |  7- 9 | 10-12 | 13-15 || total
-------------------------+-------+-------+-------+-------+-------++-------
Melee: War axe           |   110 |   127 |   310 |   239 |       ||   786
       Headbutt          |     8 |    17 |    57 |   133 |   107 ||   322
       Executioner's axe |       |       |       |   342 |   412 ||   754
Throw: Throwing net      |       |       |       |     2 |       ||     2
Invok: Heroism           |       |       |     1 |     6 |     9 ||    16
       Finesse           |       |       |       |     7 |     5 ||    12
Evoke: Wand              |       |       |     3 |     1 |     4 ||     8
       Fan of gales      |       |       |       |     1 |     1 ||     2
  Use: Scroll            |     6 |     4 |     4 |    14 |     7 ||    35
       Potion            |       |     1 |     2 |    12 |     7 ||    22
 Stab: Held in net/web   |       |       |       |     1 |       ||     1
       Paralysed         |       |       |       |       |     2 ||     2
  Eat: Chunk             |     3 |     7 |    11 |    48 |     7 ||    76
       Ration            |       |       |     2 |     2 |       ||     4
Armor: Scale mail        |    45 |    15 |       |       |       ||    60
       Chain mail        |       |    26 |    76 |       |       ||   102
       Crystal plate arm |       |       |    27 |   556 |   337 ||   920
       Plate armour      |       |       |    16 |       |       ||    16
       Skin              |       |       |       |       |    10 ||    10
Dodge: Dodged            |    25 |    17 |    26 |   147 |    96 ||   311
Block: Shield            |    50 |    51 |   106 |   109 |       ||   316
